 Dungeon Sprint DCSS version 0.31-a0-18-gea43df2a32 (webtiles) character file.

Game seed: 11293040118693200502

306 sircluck the Grappler (level 6, -1/102 HPs)
             Began as a Troll Berserker on May 10, 2023.
             Was a Believer of Trog.
             Slain by a centaur warrior (13 damage)
             ... in the Dungeon (Sprint I: "Red Sonja").
             The game lasted 00:01:03 (269 turns).

sircluck the Grappler (Troll Berserker)              Turns: 269, Time: 00:01:04

Health: -1/102     AC:  6    Str: 28    XL:     6   Next: 16%
Magic:  5/5        EV: 11    Int:  3    God:    Trog [**....]
Gold:   170        SH:  0    Dex:  9    Spells: 5/5 levels left

rFire   . .          .
                       - Unarmed
rCold   . . .        (no shield)
rNeg    . . .        j - +2 robe {Will+}
rPois   .            (helmet restricted)
rElec   .            (no cloak)
rCorr   .            (gloves unavailable)
SInv    .            (boots unavailable)
Will    +....        (no amulet) Stlth
                     (no ring)
HPRegen 1.17/turn    (no ring)
MPRegen 0.09/turn

%: no teleportation
@: berserking, very quick
A: large, unfitting armour, claws 3, regeneration 1, shaggy fur 1, tough skin 1
a: Renounce Religion, Berserk, Trog's Hand


You were in the Dungeon.
You worshipped Trog.
Trog was pleased with you.
You visited 1 branch You collected 170 gold pieces.

Inventory:

Armour
 a - a +0 animal skin
 j - a +2 robe of willpower (worn)
Wands
 h - a wand of mindburst (16)
Scrolls
 g - a scroll of blinking
 k - a scroll of fog {unknown}
Potions
 b - a potion of curing
 c - a potion of heal wounds
 d - a potion of haste
 e - 2 potions of magic
 i - a potion of mutation {unknown}


   Skills:
 + Level 6.6 Fighting
 + Level 6.5 Dodging
 + Level 8.3 Unarmed Combat
 + Level 1.0 Evocations


You had 5 spell levels left.
You didn't know any spells.
Your spell library was empty.

Dungeon Overview and Level Annotations

Branches:
Dungeon (1/1)

Altars:
Sif Muna
Vehumet
Wu Jian


Innate Abilities, Weirdness & Mutations

You are too large for most types of armour.
You have claws for hands.
Your natural rate of healing is unusually fast.
You are covered in fur. (AC +1)
You have tough skin. (AC +1)


Message History

No target in view!
No target in view!
No target in view!
No target in view!
No target in view!
No target in view!
k - a scroll labelled PATOAD UHIBRAEWI You now have 170 gold pieces (gained 8).
You are no longer corroded.
You open the door. 2 centaur warriors come into view.
The centaur warrior shouts! x2
The centaur warrior wields a +0 longbow.
The centaur warrior shoots an arrow.
The arrow closely misses you.
The centaur warrior wields a +0 longbow.
The centaur warrior shoots an arrow.
The arrow barely misses you.
Found a leather armour and 11 gold pieces.
You close the door.
You start waiting.
The centaur warrior shoots an arrow.
The arrow hits you!!
A red film seems to cover your vision as you go berserk!
You feel yourself moving faster!
You feel mighty!
The centaur warrior shoots an arrow.
The arrow hits you!
The centaur warrior shoots an arrow.
The arrow hits you!!
The centaur warrior shoots an arrow.
The arrow hits you!
* * * LOW HITPOINT WARNING * * *
You feel a strong urge to attack something.
The centaur warrior unwields a +0 longbow.
The centaur warrior hits you.
* * * LOW HITPOINT WARNING * * *
The centaur warrior barely misses you.
The centaur warrior unwields a +0 longbow.
The centaur warrior hits you.
* * * LOW HITPOINT WARNING * * *
The centaur warrior kicks you but does no damage.
There is an open door, spattered with blood here.
You claw the centaur warrior!
The centaur warrior is moderately wounded.
The centaur warrior hits you!
You die...

################
#<.#..)..#..'..#
#..)..#..').#..+
#..#####'#####'#
## #..# #..#
#.####[$# #..#
#### ##.#§§§§§#
#..# #_.@c§§..+
#⌠⌠#
+..._#c§§§.#
####
#_.#+##+#### ##+


You could see 2 centaur warriors.

Vanquished Creatures
  Sigmund (D)
  An ogre (D)
  A jelly (D)
  Ijyb (D)
4 creatures vanquished.

Notes
Turn   | Place    | Note
-------+----------+-------------------------------------------
     0 | D        | sircluck the Troll Berserker began the quest for the Orb.
     0 | D        | Reached XP level 1. HP: 22/22 MP: 0/0
     2 | D        | Noticed Ijyb
     5 | D        | Killed Ijyb
     6 | D        | Reached skill level 4 in Unarmed Combat
     6 | D        | Reached XP level 2. HP: 32/32 MP: 1/1
   146 | D        | Noticed an ogre
   151 | D        | Killed an ogre
   152 | D        | Reached skill level 5 in Fighting
   152 | D        | Reached skill level 6 in Unarmed Combat
   152 | D        | Reached XP level 3. HP: 15/42 MP: 2/2
   152 | D        | Reached XP level 4. HP: 18/50 MP: 3/3
   192 | D        | Noticed Sigmund
   201 | D        | Killed Sigmund
   201 | D        | Reached ** piety under Trog
   202 | D        | Reached skill level 8 in Unarmed Combat
   202 | D        | Reached skill level 1 in Evocations
   202 | D        | Reached XP level 5. HP: 46/61 MP: 4/4
   202 | D        | Reached XP level 6. HP: 52/68 MP: 5/5
   242 | D        | Found an ornate altar of the Wu Jian Council.
   242 | D        | Found a shimmering blue altar of Sif Muna.
   244 | D        | Found a radiant altar of Vehumet.
   263 | D        | Noticed a centaur warrior
   263 | D        | Noticed a centaur warrior
   269 | D        | Slain by a centaur warrior

Illustrated notes

Levels and vault maps discovered:
D:        dungeon_sprint_1 [red_sonja_temple_1, red_sonja_temple_small_1]

Skill      XL: |  1  2  3  4 |
---------------+-------------+-----
Fighting       | 3 5 6 |  6.6
Dodging        | 3 4 6 |  6.5
Unarmed Combat | 4 6 8 |  8.3
Evocations     | 1 |  1.0

Action                     |  1- 3 |  4- 6 || total
---------------------------+-------+-------++-------
  Melee: Unarmed           |     5 |     7 ||    12
         Punch             |       |     1 ||     1
 Invoke: Berserk           |     1 |       ||     1
  Evoke: Wand              |     2 |     1 ||     3
    Use: Potion            |       |     1 ||     1
 Armour: Animal skin       |       |     1 ||     1
         Robe              |       |     1 ||     1
  Dodge: Dodged            |       |     3 ||     3

Table legend: (Time is in decaauts)
 A = Elapsed time spent in this place.
 B = Non-inter-level travel time spent in this place.
 C = Inter-level travel time spent in this place.
 D = Time resting spent in this place.
 E = Time spent auto-exploring this place.
 F = Levels seen in this place.
 G = Mean time per level.
                   A        B        C        D        E       F      G
               +--------+--------+--------+--------+--------+-----+--------+
         Total |    276 |    276 |      0 |    147 |     85 |   1 |  276.0 |
       Dungeon |    276 |    276 |      0 |    147 |     85 |   1 |  276.0 |
               +--------+--------+--------+--------+--------+-----+--------+

Top non-repeatable levels by time:
       D: 276 daAuts
